 Dungeon Crawl Stone Soup version 0.17-a0-1373-g64d4c99 (webtiles) character file.

1737797 xgamer67 the Minotaur Porcupine (level 27, 273/273 HPs)
             Began as a Minotaur Gladiator on June 13, 2015.
             Was the Champion of Makhleb.
             Escaped with the Orb
             ... and 3 runes!
             The game lasted 05:26:34 (65992 turns).

xgamer67 the Minotaur Porcupine (MiGl)             Turns: 65992, Time: 05:26:34

Health: 273/273    AC: 35    Str: 22    XL:     27
Magic:  35/35      EV: 36    Int:  9    God:    Makhleb [******]
Gold:   4998       SH:  0    Dex: 28    Spells: 5 memorised, 18 levels left

rFire  + + +     SeeInvis .     a - +10 bardiche of Koboptag {chop, +Blink rF+}
rCold  + . .     Clarity  .     K - +6 fire dragon armour
rNeg   + + +     SustAt   .     (no shield)
rPois  .         Gourm    .     c - +0 hat {rC+}
rElec  .         Spirit   .     p - +2 cloak {MR+}
rCorr  .         Warding  +     U - +2 pair of gloves
rMut   .         Stasis   .     D - +2 pair of boots {run}
MR     ++++.                    W - brooch of Shielding {Ward rN+ AC+4 EV+4}
Stlth  +.........               C - ring "Ixkuihek" {Int+4 Dex+6 Slay+3}
                                S - ring of the Heavens {*Corrode rC+ rN++ MR+}

@: quick, incredibly resistant to hostile enchantments, very unstealthy
A: retaliatory headbutt, horns 2
a: Minor Destruction, Lesser Servant of Makhleb, Major Destruction, Greater
Servant of Makhleb, Renounce Religion, Evoke Blink
0: Orb of Zot
}: 3/15 runes: serpentine, barnacled, silver


You escaped.
You worshipped Makhleb.
Makhleb was exalted by your worship.
You were not hungry.

You visited 9 branches of the dungeon, and saw 53 of its levels.
You also visited: Labyrinth, Ossuary, Ice Cave and Wizlab.

You collected 8073 gold pieces.
You spent 3075 gold pieces at shops.

Inventory:

Hand weapons
 a - the +10 bardiche of Koboptag (weapon) {chop, +Blink rF+}
   (You took it off a deep elf death mage on level 3 of the Elven Halls)

   It inflicts extra damage upon your enemies.
   It protects you from fire.
   It lets you blink.
 b - a +9 bardiche of freezing
Armour
 c - a +0 hat of cold resistance (worn)
 p - a +2 cloak of magic resistance (worn)
 D - a +2 pair of boots of running (worn)
 K - a +6 fire dragon armour (worn)
 U - a +2 pair of gloves (worn)
Jewellery
 m - the ring of Agnosticism {rElec rPois rC+ Str-3 Int-2}
   (You took it off a deep elf high priest on level 3 of the Elven Halls)

   [ring of intelligence]

   It affects your strength (-3).
   It affects your intelligence (-2).
   It protects you from cold.
   It insulates you from electricity.
   It protects you from poison.
 o - a cursed ring of teleportation
 q - an uncursed ring of see invisible
 w - the ring of Xioczaid {rElec Str+2 Int+5}
   (You took it off a deep elf conjurer on level 5 of the Vaults)

   [ring of intelligence]

   It affects your strength (+2).
   It affects your intelligence (+5).
   It insulates you from electricity.
 C - the ring "Ixkuihek" (right hand) {Int+4 Dex+6 Slay+3}
   (You found it on level 8 of the Lair of Beasts)

   [ring of dexterity]

   It affects your intelligence (+4).
   It affects your dexterity (+6).
   It affects your accuracy and damage with ranged weapons and melee attacks
   (+3).
 O - an uncursed amulet of resist corrosion
 S - the ring of the Heavens (left hand) {*Corrode rC+ rN++ MR+}
   (You found it in a labyrinth)

   [ring of protection from magic]

   It protects you from cold.
   It greatly protects you from negative energy.
   It affects your resistance to hostile enchantments.
   It may corrode your equipment when you take damage.
 W - the brooch of Shielding (around neck) {Ward rN+ AC+4 EV+4}
   (You found it on level 5 of the Vaults)

   [amulet of warding]

   It may prevent the melee attacks of summoned creatures.
   It affects your AC (+4).
   It affects your evasion (+4).
   It protects you from negative energy.
Magical devices
 d - a wand of heal wounds (3)
 f - a wand of invisibility (5)
 y - a wand of polymorph (5)
 M - a wand of digging (12)
 N - a wand of teleportation (5)
 T - a wand of hasting (4)
Scrolls
 g - 3 scrolls of blinking
 j - 3 scrolls of magic mapping
 r - 6 scrolls of fog
 u - 10 scrolls of teleportation
 E - a scroll of summoning
 F - 4 scrolls of silence
 Q - 8 scrolls of recharging
 R - 24 scrolls of remove curse
Potions
 h - 11 potions of agility
 l - a potion of cancellation
 s - 22 potions of curing
 t - 4 potions of heal wounds
 v - 6 potions of haste
 x - 6 potions of cure mutation
 z - 7 potions of might
 B - 19 potions of flight
 J - 7 potions of berserk rage
 L - a potion of resistance
Miscellaneous
 i - a fan of gales
 k - a lamp of fire
 n - a lamp of fire
 A - a legendary deck of changes {the Elixir}
 G - a disc of storms
 H - a stone of tremors
 I - a disc of storms
 X - a lamp of fire
 Y - a phial of floods
 Z - a stone of tremors
Comestibles
 e - 22 bread rations


   Skills:
 O Level 27 Fighting
 O Level 27 Polearms
 - Level 2.0 Throwing
 - Level 17.2 Armour
 - Level 21.3 Dodging
 - Level 14.0 Invocations
 + Level 19.2 Evocations


You had 18 spell levels left.
You knew the following spells:

 Your Spells              Type           Power        Failure   Level  Hunger
a - Repel Missiles        Chrm/Air       #.....       95%         2    ###....
b - Summon Butterflies    Summ           #.......     83%         1    ##.....
c - Apportation           Tloc           #.........   83%         1    ##.....
d - Cure Poison           Pois           #.........   95%         2    ###....
e - Swiftness             Chrm/Air       #.......     95%         2    ###....


Dungeon Overview and Level Annotations

Branches:
Dungeon (15/15)            Temple (0/1) D:6            Lair (8/8) D:11
 Shoals (4/4) Lair:6        Snake (4/4) Lair:6        Slime (0/6) Lair:7
    Orc (4/4) D:11            Elf (3/3) Orc:4        Vaults (5/5) D:13
  Crypt (0/3) Vaults:2     Depths (5/5) D:15            Zot (5/5) Depths:5

Altars:
Ashenzari
Cheibriados
Elyvilon
Fedhas
Gozag
Kikubaaqudgha
Makhleb
Nemelex Xobeh
Okawaru
Ru
Sif Muna
Trog
Vehumet
Xom
Yredelemnul
Zin
The Shining One
Beogh

Shops:
D:5 }}   D:7 ?   D:11 %=   Orc:3 }   Orc:4 :[%%[   Elf:1 :   Shoals:4 !
Snake:1 [?=   Vaults:4 [   Depths:3 [

Portals:
Hell: Depths:1 Depths:2 Depths:3 Depths:4 Depths:5
Abyss: Depths:4 Depths:5
Pandemonium: Orc:4 Depths:3 Depths:4
Ziggurat: Depths:4

Annotations:
D:11 exclusion: obsidian statue
Depths:4 exclusions: 2 giant eyeballs, 2 shining eyes and 1 more exclusion


Innate Abilities, Weirdness & Mutations

You reflexively headbutt those who attack you in melee.
You have a pair of horns on your head.


Message History

You kill the ice devil!
Makhleb accepts your kill.
No target in view!
(D) Dungeon (T) Temple (L) Lair (A) Shoals (P) Snake Pit (M) Slime Pits (O) Orcish Mines (E) Elven Halls (V) Vaults (C) Crypt (U) Depths (H) Hell (Z) Zot
Where to? (Enter - D:1 @ (x,y), ? - help) Key pressed, stopping travel.
Char dumped successfully.
(D) Dungeon (T) Temple (L) Lair (A) Shoals (P) Snake Pit (M) Slime Pits (O) Orcish Mines (E) Elven Halls (V) Vaults (C) Crypt (U) Depths (H) Hell (Z) Zot
Where to? (Enter - D:1 @ (x,y), ? - help)
Okay, then.
There is an open door here.
There is an open door here.
There is a staircase leading out of the dungeon here.
You have escaped!

..# #........# #.........# ..#
#######....###......#### ..#
#...# #................. ..#
#.8.# #####........#.### ..#
#...# #............# ..# ###'###
#............# ###
#####.....######.............
#...#.....#...#......#.#....#
#####.8.'..8..'.@.#......#.#.....
....#...#.....#...#......#.##..#.
....#####.....#####......#.#.....
....### ###'### #.............#
......# #.# #....##.......#
......# #.#######....##.......#
......#####.......#....##.......#
..........#.......#....##.....#..
..........#.......#....##.....#..


There were no monsters in sight!

Vanquished Creatures
  An orb of fire (Zot:5)
  4 ancient liches
  Mara (Vaults:2)
  Frederick (Vaults:5)
  Margery (Vaults:3)
  Vashnia (Snake:4)
  A curse toe (Zot:3)
  2 Killer Klowns (Zot:5)
  5 golden dragons
  Nikola (Vaults:2)
  the Enchantress (Depths:2)
  Xtahua (Vaults:3)
  2 electric golems (Zot:5)
  A Brimstone Fiend (Zot:1)
  A Cloud Mage (WizLab)
  20 tentacled monstrosities
  3 liches
  4 quicksilver dragons (Vaults:5)
  7 titans
  5 deep elf blademasters
  23 Orb Guardians
  2 deep elf master archers (Elf:3)
  A quicksilver dragon (shapeshifter) (Depths:2)
  4 sphinxes
  2 octopode crushers
  Polyphemus (Shoals:3)
  A Shadow Fiend (Zot:1)
  3 Executioners
  A pandemonium lord (D:1)
  Kirke (Snake:2)
  5 greater nagas
  4 tengu reavers
  9 shadow dragons
  14 storm dragons
  3 draconian monks
  Wiglaf (Snake:2)
  16 deep elf sorcerers
  2 iron dragons (Vaults:5)
  Maud (Lair:3)
  7 fire giants
  3 draconian knights
  11 frost giants
  3 draconian shifters
  A ghost moth (Zot:5)
  A cacodemon (D:1)
  Louise (Elf:2)
  3 draconian scorchers
  2 draconian zealots
  An emperor scorpion (shapeshifter) (Vaults:3)
  A warmonger (D:13)
  13 vault wardens
  3 spriggan defenders (Depths:2)
  11 ironheart preservers
  3 war gargoyles (Vaults:5)
  7 draconian annihilators
  10 very ugly things
  27 stone giants
  3 draconian callers
  8 deep elf demonologists
  6 green draconians
  10 deep elf annihilators
  A dire elephant (Lair:8)
  Azrael (D:15)
  8 red draconians
  6 purple draconians
  9 black draconians
  5 mottled draconians
  6 white draconians
  5 yellow draconians
  A black sun (D:13)
  12 ettins
  Snorg (Orc:1)
  8 merfolk impalers
  11 merfolk javelineers
  24 vault guards
  11 deep elf death magi
  A minotaur (Lab)
  6 death cobs
  6 deep elf high priests
  20 fire dragons
  6 spriggan air magi
  10 entropy weavers
  12 ice dragons
  21 yaktaur captains
  10 great orbs of eyes
  12 naga warriors
  6 rakshasas
  8 hydras
  A monstrous demonspawn (D:13)
  12 centaur warriors
  A catoblepas (Shoals:3)
  6 merfolk avatars
  4 merfolk aquamancers
  An anaconda (shapeshifter) (Vaults:4)
  An alligator snapping turtle (Shoals:4)
  17 dancing weapons
  8 ogre magi
  22 anacondas
  5 salamander stormcallers
  12 deep troll shamans
  9 spriggan berserkers
  4 death yaks (Shoals:3)
  5 vampire magi
  3 satyrs (Shoals:4)
  14 tengu warriors
  6 shock serpents
  A sun demon (Zot:5)
  6 deep troll earth magi
  3 orc high priests (Orc:4)
  17 naga sharpshooters
  Urug (D:14)
  Sonja (Lair:4)
  A soul eater (Depths:3)
  16 deep elf knights
  4 fire crabs
  4 iron trolls (Depths:3)
  10 hell knights
  5 ice devils
  3 unseen horrors
  4 small abominations
  10 sea snakes
  3 giant orange brains
  2 infernal demonspawn
  10 naga ritualists
  A torturous demonspawn (Orc:4)
  5 hill giants
  A putrid demonspawn (Orc:4)
  2 ice statues (IceCv)
  2 shadow dragon zombies
  25 deep trolls
  11 deep elf summoners
  4 gelid demonspawn
  11 ironbrand convokers
  5 necromancers
  A tengu zombie (Vaults:4)
  3 flayed ghosts
  11 orc knights
  A swamp dragon (shapeshifter) (Vaults:4)
  A mana viper (shapeshifter) (Depths:1)
  29 harpies
  2 phantasmal warriors (Vaults:5)
  An orb spider (shapeshifter) (Vaults:3)
  14 deep elf conjurers
  46 ugly things
  2 draconian zombies (Zot:4)
  A hill giant (shapeshifter) (Vaults:4)
  8 wolf spiders
  9 orc sorcerers
  2 large abominations (D:4)
  10 mana vipers
  A hornet (Vaults:2)
  A shining eye (shapeshifter) (Vaults:5)
  7 water nymphs
  20 moths of wrath
  26 elephants
  4 wizards
  6 vault sentinels
  5 fauns
  9 manticores
  11 cyclopes
  16 griffons
  8 salamanders
  3 guardian serpents
  A manticore (shapeshifter) (Depths:2)
  A guardian serpent (shapeshifter) (Vaults:3)
  Joseph (Lair:1)
  20 naga magi
  3 orange demons
  10 sirens
  2 smoke demons
  52 black mambas
  4 komodo dragons
  10 spiny frogs
  A rust devil (Orc:4)
  A gargoyle (D:10)
  A black draconian zombie (Zot:2)
  A tormentor (Depths:3)
  A kobold demonologist (Vaults:2)
  A white draconian zombie (Zot:4)
  58 yaktaurs
  A mottled draconian zombie (Zot:4)
  2 yellow draconian zombies (Zot:4)
  13 deep elf priests
  3 tengu conjurers
  An efreet (D:14)
  54 merfolk
  A tengu simulacrum (Vaults:4)
  A jumping spider (Depths:1)
  9 trolls
  5 fire drakes
  A yaktaur skeleton (Vaults:3)
  A red devil (Orc:4)
  9 blue devils (IceCv)
  3 polar bears
  7 wind drakes
  A sphinx simulacrum (Vaults:3)
  A hellwing (D:1)
  2 human simulacra
  15 blink frogs
  27 slime creatures
  5 boulder beetles
  6 freezing wraiths
  11 two-headed ogres
  2 wind drakes (shapeshifter)
  A shadow dragon simulacrum (Vaults:3)
  2 wraiths
  A stone giant simulacrum (Vaults:4)
  A blink frog (shapeshifter) (Vaults:2)
  An ettin zombie (Vaults:4)
  32 air elementals
  16 water elementals
  13 snapping turtles
  A spriggan (shapeshifter) (D:15)
  10 spriggans
  4 shadows
  2 tarantellas (Depths:1)
  21 redbacks
  A basilisk (shapeshifter) (Vaults:5)
  35 deep elf magi
  3 hogs (Snake:2)
  47 yaks
  A golden eye (shapeshifter) (Vaults:2)
  9 vampire mosquitoes
  28 deep elf fighters
  2 fire elementals (D:15)
  4 humans
  Grum (Lair:1)
  A steam dragon (D:13)
  A hippogriff (shapeshifter) (Vaults:5)
  5 basilisks
  8 wargs
  12 hippogriffs
  21 wolves
  Menkaure (D:7)
  9 insubstantial wisps (WizLab)
  49 nagas
  A mottled dragon (Vaults:2)
  49 water moccasins
  Duvessa (D:5)
  3 hell hounds (D:15)
  39 orc warriors
  9 porcupines
  4 wasps
  3 black bears
  26 centaurs
  3 phantoms
  4 sky beasts
  An eye of draining (D:3)
  2 human skeletons
  12 ice beasts
  16 boggarts
  An eye of draining (shapeshifter) (Elf:1)
  32 ogres
  13 crocodiles
  A brain worm (Lair:4)
  20 giant frogs
  2 big kobolds
  A brain worm (shapeshifter) (D:15)
  2 wyvern zombies
  3 elf zombies
  A water moccasin zombie (D:7)
  Dowan (D:5)
  6 killer bees (D:7)
  3 scorpions
  An elf simulacrum (Vaults:1)
  9 wights
  2 centaur zombies
  An electric eel (D:10)
  5 crimson imps
  A quasit (D:3)
  2 yaktaur simulacra
  A human zombie (Ossuary)
  2 giant frog zombies
  40 orc priests
  4 jellies
  A gnoll shaman (D:7)
  5 hounds
  3 giant frog skeletons
  5 iron imps
  29 orc wizards
  2 centaur skeletons
  9 iguanas
  14 worker ants
  A killer bee zombie (D:10)
  3 big kobold zombies (Ossuary)
  25 sheep
  A hound zombie (D:8)
  4 hound skeletons
  3 mummies (Ossuary)
  12 gnolls
  33 adders
  48 river rats
  2 shadow imps
  8 white imps
  8 ufetubi
  An adder zombie (Ossuary)
  An adder skeleton (D:7)
  3 worms (D:2)
  5 giant geckos
  200 orcs
  5 ball pythons
  17 bats
  2 bat skeletons
  3 giant cockroaches
  2 gnoll zombies (Ossuary)
  29 goblins
  23 hobgoblins
  7 quokkas
  7 giant newts
  5 goblin zombies (Ossuary)
  2 hobgoblin zombies (Ossuary)
  17 jackals
  A jackal skeleton (D:5)
  6 jackal zombies (Ossuary)
  24 kobolds
  3 kobold zombies (Ossuary)
  2 orc zombies (Ossuary)
  4 quokka zombies
  16 rats
  6 rat zombies (Ossuary)
  5 crawling corpses
  4 plants
2711 creatures vanquished.

Vanquished Creatures (collateral kills)
  Jorgrun (Snake:4)
  Rupert (D:14)
  5 dire elephants (Lair:8)
  A deep elf death mage (Elf:3)
  Erolcha (Orc:2)
  A merfolk impaler (Shoals:4)
  A hydra (Lair:7)
  A naga warrior (Snake:2)
  A salamander (Snake:2)
  5 elephants
  A spiny frog (Lair:4)
  A komodo dragon (Lair:4)
  3 blink frogs (Lair:4)
  8 yaks
  2 wolves (Lair:4)
  A porcupine (Lair:4)
  An orc warrior (Orc:2)
  A giant frog (D:14)
  An orc priest (Orc:2)
  An orc wizard (Orc:2)
  5 river rats (Lair:4)
  An orc (D:14)
  A plant (Lair:8)
45 creatures vanquished.

Vanquished Creatures (others)
  An orb of fire (Zot:5)
  A fire giant (Depths:2)
  Ilsuiw (Shoals:4)
  A ghost moth (shapeshifter) (Vaults:5)
  A draconian scorcher (Zot:5)
  A vault warden (Vaults:1)
  A deep elf knight (Elf:2)
  A moth of wrath (Zot:5)
  A deep elf priest (Vaults:5)
  A merfolk (Shoals:4)
  A human (Snake:2)
  An adder (D:10)
  2 white imps (IceCv)
  5 ufetubi (IceCv)
  2 crawling corpses (Elf:3)
  3 fungi
  12 plants
36 creatures vanquished.

Grand Total: 2792 creatures vanquished

Notes
Turn   | Place    | Note
--------------------------------------------------------------
     0 | D:1      | xgamer67 the Minotaur Gladiator began the quest for the Orb.
     0 | D:1      | Reached XP level 1. HP: 18/18 MP: 0/0
    54 | D:1      | Reached skill level 4 in Polearms
   113 | D:1      | Reached XP level 2. HP: 25/25 MP: 1/1
   397 | D:1      | Reached skill level 5 in Polearms
   682 | D:1      | Reached XP level 3. HP: 30/30 MP: 2/2
  1197 | D:2      | Reached XP level 4. HP: 37/37 MP: 3/3
  1230 | D:2      | Reached skill level 6 in Polearms
  1527 | D:3      | Found a faded altar to an unknown god.
  1727 | D:3      | Reached skill level 7 in Polearms
  1727 | D:3      | Reached XP level 5. HP: 42/42 MP: 4/4
  2220 | D:4      | Noticed an ogre
  2233 | D:4      | Killed an ogre
  2233 | D:4      | Reached skill level 8 in Polearms
  2298 | D:4      | Reached XP level 6. HP: 50/50 MP: 5/5
  2359 | D:4      | Identified a +1 pair of boots of running (You found it on level 4 of the Dungeon)
  2429 | D:4      | Found a burning altar of Makhleb.
  2434 | D:4      | Found a glowing silver altar of Zin.
  2434 | D:4      | Noticed an angel
  2435 | D:4      | Noticed an Executioner
  2448 | D:4      | Became a worshipper of Makhleb the Destroyer
  2618 | D:4      | Noticed an ogre
  2628 | D:4      | Killed an ogre
  2628 | D:4      | Reached skill level 9 in Polearms
  3086 | D:5      | Entered Level 5 of the Dungeon
  3086 | D:5      | Noticed Duvessa
  3086 | D:5      | Noticed Dowan
  3201 | D:5      | Found Roiph's Gadget Emporium.
  3239 | D:5      | Found Biedum's Gadget Shoppe.
  3247 | D:5      | Reached skill level 1 in Armour
  3261 | D:5      | Killed Dowan
  3261 | D:5      | Acquired Makhleb's first power
  3261 | D:5      | Reached XP level 7. HP: 51/57 MP: 6/6
  3549 | D:5      | Killed Duvessa
  3650 | D:5      | Found a radiant altar of Vehumet.
  3651 | D:5      | Found a blossoming altar of Fedhas.
  3682 | D:5      | Found a shimmering altar of Xom.
  3683 | D:5      | Found a glowing golden altar of the Shining One.
  3683 | D:5      | Found a sacrificial altar of Ru.
  3709 | D:5      | Found a white marble altar of Elyvilon.
  3745 | D:5      | Found a bloodstained altar of Trog.
  3791 | D:5      | Reached skill level 5 in Dodging
  4099 | D:6      | Noticed a human
  4138 | D:6      | Killed a human
  4138 | D:6      | Reached XP level 8. HP: 48/63 MP: 7/7
  4195 | D:6      | Acquired Makhleb's second power
  4222 | D:6      | Reached skill level 10 in Polearms
  4269 | D:6      | Found a sand-covered staircase.
  4280 | Ossuary  | Entered an ossuary
  4592 | Ossuary  | Acquired Makhleb's third power
  4656 | Ossuary  | Reached skill level 11 in Polearms
  4813 | D:6      | Noticed a human
  4820 | D:6      | Killed a human
  4841 | D:6      | Noticed a human
  4856 | D:6      | Killed a human
  4856 | D:6      | Reached skill level 12 in Polearms
  4921 | D:6      | Found a staircase to the Ecumenical Temple.
  5100 | D:6      | Reached XP level 9. HP: 24/69 MP: 8/8
  5401 | D:7      | Noticed Menkaure
  5427 | D:7      | Killed Menkaure
  5636 | D:7      | Found an opulent altar of Gozag.
  5724 | D:7      | Reached skill level 13 in Polearms
  5784 | D:7      | Found an iron altar of Okawaru.
  6118 | D:7      | Found Teshrusch's Magic Scroll Boutique.
  6126 | D:7      | Bought a scroll of identify for 26 gold pieces
  6126 | D:7      | Bought a scroll of amnesia for 45 gold pieces
  6126 | D:7      | Bought a scroll of silence for 97 gold pieces
  6126 | D:7      | Bought a scroll of immolation for 45 gold pieces
  6126 | D:7      | Bought a scroll of identify for 26 gold pieces
  6203 | D:7      | Noticed a centaur zombie
  6217 | D:7      | Killed a centaur zombie
  6217 | D:7      | Reached skill level 5 in Armour
  6443 | D:7      | Acquired Makhleb's fourth power
  6818 | D:8      | Noticed a centaur warrior
  6835 | D:8      | Killed a centaur warrior
  6835 | D:8      | Reached skill level 1 in Invocations
  6835 | D:8      | Reached XP level 10. HP: 51/77 MP: 8/10
  7057 | D:8      | Reached skill level 14 in Polearms
  7455 | D:9      | Acquired Makhleb's fifth power
  8196 | D:9      | Found a snail-covered altar of Cheibriados.
  8421 | D:10     | Entered Level 10 of the Dungeon
  8453 | D:10     | Noticed an unseen horror
  8466 | D:10     | Killed an unseen horror
  8466 | D:10     | Reached skill level 5 in Fighting
  8731 | D:10     | Reached skill level 5 in Invocations
  8829 | D:11     | Noticed a griffon
  8846 | D:11     | Killed a griffon
  8846 | D:11     | Reached XP level 11. HP: 65/86 MP: 14/14
  8926 | D:11     | Found Yheopsic's Jewellery Boutique.
  8929 | D:11     | Bought a cursed amulet of inaccuracy for 20 gold pieces
  8929 | D:11     | Bought a cursed ring of loudness for 45 gold pieces
  8929 | D:11     | Bought the ring of Balance {MR+ Str+2} for 362 gold pieces
  8950 | D:11     | Noticed a green ugly thing
  9042 | D:10     | Noticed a hill giant
  9059 | D:10     | Killed a hill giant
  9431 | D:10     | Reached skill level 15 in Polearms
  9726 | D:10     | Noticed a hill giant
  9734 | D:10     | Killed a hill giant
  9933 | D:11     | Noticed a cyclops
  9938 | D:11     | Killed a cyclops
 10280 | D:11     | Noticed a purple ugly thing
 10305 | D:11     | Killed a brown ugly thing
 10849 | D:11     | Killed a red ugly thing
 10862 | D:11     | Found a staircase to the Lair.
 10874 | D:11     | Found Qeggei's Food Emporium.
 10969 | D:11     | Noticed an obsidian statue
 11035 | D:11     | Reached XP level 12. HP: 94/94 MP: 17/17
 11054 | D:11     | Found a staircase to the Orcish Mines.
 11068 | D:11     | Noticed a hill giant
 11086 | D:11     | Killed a hill giant
 11086 | D:11     | Reached skill level 10 in Armour
 11352 | Lair:1   | Entered Level 1 of the Lair of Beasts
 11468 | Lair:1   | Noticed Grum
 11503 | Lair:1   | Killed Grum
 11532 | Lair:1   | Reached skill level 10 in Dodging
 11865 | Lair:1   | Noticed Joseph
 11900 | Lair:1   | Killed Joseph
 12527 | Lair:2   | Noticed a six-headed hydra
 13014 | Lair:3   | Got a faintly humming ring mail
 13409 | Lair:3   | Noticed Maud
 13426 | Lair:3   | Killed Maud
 13426 | Lair:3   | Reached skill level 10 in Invocations
 13462 | Lair:3   | Noticed a five-headed hydra
 13473 | Lair:3   | Killed a five-headed hydra
 13473 | Lair:3   | Reached skill level 16 in Polearms
 13473 | Lair:3   | Reached skill level 1 in Evocations
 14057 | Lair:3   | Identified the +0 ring mail of the Special Lies {rCorr} (You found it on level 3 of the Lair of Beasts)
 14094 | Lair:4   | Noticed Sonja
 14097 | Lair:4   | Killed Sonja
 14136 | Lair:4   | Reached XP level 13. HP: 105/105 MP: 19/19
 14785 | Lair:4   | Got a pitted cloak
 14791 | Lair:4   | Identified the +1 cloak of the Unseen Realm {-Tele MR- Str+2 Stlth+} (You found it on level 4 of the Lair of Beasts)
 15059 | Lair:5   | Reached skill level 5 in Evocations
 15834 | Lair:6   | Found a staircase to the Shoals.
 16434 | Lair:6   | Found a staircase to the Snake Pit.
 16623 | Lair:6   | HP: 5/107 [black mamba (12)]
 17675 | Lair:7   | Found a staircase to the Slime Pits.
 17768 | Lair:7   | Gained mutation: You are partially covered in thin metallic scales (AC +2). [potion of beneficial mutation]
 17951 | Lair:7   | Reached XP level 14. HP: 102/115 MP: 20/20
 18405 | Lair:8   | Entered Level 8 of the Lair of Beasts
 20198 | Lair:8   | Got a bound jade ring
 20200 | Lair:8   | Identified the ring "Ixkuihek" {Int+4 Dex+6 Slay+3} (You found it on level 8 of the Lair of Beasts)
 20657 | Orc:1    | Entered Level 1 of the Orcish Mines
 20664 | Orc:1    | Noticed Snorg
 20675 | Orc:1    | Killed Snorg
 20675 | Orc:1    | Reached skill level 17 in Polearms
 21203 | Orc:2    | Found a roughly hewn altar of Beogh.
 21214 | Orc:2    | Noticed Erolcha
 21227 | Orc:2    | Killed Erolcha
 21795 | Orc:3    | Found a roughly hewn altar of Beogh.
 21822 | Orc:3    | Found Zucidot's Gadget Emporium.
 22431 | Orc:4    | Entered Level 4 of the Orcish Mines
 22623 | Orc:4    | Found Okka's Armour Shop.
 22631 | Orc:4    | Bought a +0 pair of gloves for 67 gold pieces
 22698 | Orc:4    | Found a staircase to the Elven Halls.
 22757 | Orc:4    | Found a frozen archway.
 22784 | IceCv    | Entered an ice cave
 22969 | IceCv    | Reached XP level 15. HP: 71/121 MP: 21/21
 23358 | Orc:4    | Found a roughly hewn altar of Beogh.
 23763 | Orc:4    | Found Ibluas's Food Boutique.
 23775 | Orc:4    | Found Veynk's Food Shop.
 23908 | Orc:4    | Reached skill level 18 in Polearms
 24179 | Orc:4    | Found Geila's Book Emporium.
 24179 | Orc:4    | Found a one-way gate leading to the halls of Pandemonium.
 24179 | Orc:4    | Found Jonedet's Antique Armour Shoppe.
 24288 | Orc:4    | Bought the +6 scale mail of Awe {rN+ MR+ Str+3} for 856 gold pieces
 24359 | Orc:3    | Bought a stone of tremors for 480 gold pieces
 24359 | Orc:3    | Bought a wand of digging (14) for 432 gold pieces
 24686 | D:12     | Found a shattered altar of Ashenzari.
 24829 | D:12     | Reached skill level 19 in Polearms
 25539 | D:13     | Found a labyrinth entrance.
 25556 | Lab      | Entered a labyrinth
 26584 | Lab      | Identified the Compendium of Ghastly Malediction
 26584 | Lab      | Got a flickering granite ring
 26585 | Lab      | Got a slimy cloak
 26596 | Lab      | Identified the cursed -1 cloak "Sifoh" {rPois rN+} (You found it in a labyrinth)
 26597 | Lab      | Identified the ring of the Heavens {*Corrode rC+ rN++ MR+} (You found it in a labyrinth)
 26791 | D:13     | Reached skill level 15 in Dodging
 26804 | D:13     | Found a gate to the Vaults.
 27296 | D:14     | Noticed Urug
 27307 | D:14     | Killed Urug
 27868 | D:14     | Noticed Rupert
 27873 | D:14     | Killed Rupert
 27913 | D:14     | Identified the Handbook of the Birds
 27917 | D:14     | Learned a level 2 spell: Repel Missiles
 28073 | D:15     | Entered Level 15 of the Dungeon
 28176 | D:15     | Reached skill level 20 in Polearms
 28377 | D:15     | Noticed a storm dragon
 28421 | D:15     | Noticed Azrael
 28430 | D:15     | Killed Azrael
 28544 | D:15     | Reached XP level 16. HP: 128/128 MP: 22/22
 28577 | D:15     | Found a staircase to the Depths.
 29350 | Snake:1  | Entered Level 1 of the Snake Pit
 29350 | Snake:1  | Found Ashra's Jewellery Boutique.
 29493 | Snake:1  | Reached skill level 21 in Polearms
 29584 | Snake:1  | Found a burning altar of Makhleb.
 29651 | Snake:1  | Reached skill level 10 in Fighting
 29656 | Snake:1  | Found Peomo's Magic Scroll Emporium.
 29682 | Snake:1  | Found Ajefrac's Antique Armour Shoppe.
 29693 | Snake:1  | Bought a runed cloak for 148 gold pieces
 30212 | Snake:2  | Noticed Kirke
 30232 | Snake:2  | Killed Kirke
 30491 | Snake:2  | Noticed Wiglaf
 30498 | Snake:2  | Killed Wiglaf
 31394 | Snake:3  | Reached XP level 17. HP: 119/146 MP: 24/24
 31844 | Snake:4  | Entered Level 4 of the Snake Pit
 31977 | Snake:4  | Noticed Jorgrun
 31989 | Snake:4  | Killed Jorgrun
 32119 | Snake:4  | Noticed Vashnia
 32358 | Shoals:1 | Entered Level 1 of the Shoals
 32379 | Shoals:1 | Reached skill level 22 in Polearms
 33049 | Shoals:2 | Found a runed door.
 33366 | Shoals:2 | You fall through a shaft!
 33495 | Shoals:3 | Identified a +0 pair of boots of running (You found it on level 2 of the Shoals)
 33508 | Shoals:3 | Gained mutation: You can spit weak poison. [potion of beneficial mutation]
 34019 | Snake:1  | Bought a scroll of enchant armour for 112 gold pieces
 34974 | Shoals:3 | Noticed Polyphemus
 34998 | Shoals:3 | Killed Polyphemus
 35184 | Shoals:3 | Reached XP level 18. HP: 152/155 MP: 26/26
 35439 | Shoals:4 | Entered Level 4 of the Shoals
 35439 | Shoals:4 | Found Xaewnuse's Distillery.
 35445 | Shoals:4 | Noticed Ilsuiw
 35470 | Shoals:4 | Killed Ilsuiw
 35478 | Shoals:4 | Reached skill level 23 in Polearms
 35701 | Shoals:4 | Reached skill level 15 in Armour
 35931 | Shoals:4 | Got a barnacled rune of Zot
 37066 | Vaults:1 | Entered Level 1 of the Vaults
 37335 | Vaults:1 | Found a shimmering altar of Xom.
 38259 | Vaults:2 | Noticed Nikola
 38554 | Lair:3   | Reached skill level 15 in Fighting
 38749 | Shoals:2 | Reached skill level 24 in Polearms
 39172 | Snake:4  | Reached XP level 19. HP: 170/170 MP: 27/27
 39207 | Snake:4  | Found a runed gate.
 39207 | Snake:4  | Found a runed gate.
 39207 | Snake:4  | Found a runed gate.
 39710 | Snake:4  | Killed Vashnia
 40349 | Snake:4  | Reached skill level 25 in Polearms
 40527 | Snake:4  | Got a serpentine rune of Zot
 41406 | Lair:2   | Killed a 11-headed hydra
 41807 | Depths:1 | Entered Level 1 of the Depths
 42103 | Depths:1 | Reached skill level 26 in Polearms
 42120 | Depths:1 | Found a gateway to Hell.
 42545 | Depths:1 | Noticed a golden dragon
 42554 | Depths:1 | Killed a golden dragon
 42697 | Depths:1 | Reached XP level 20. HP: 178/178 MP: 29/29
 43076 | Depths:2 | Noticed the Enchantress
 43108 | Depths:2 | Killed the Enchantress
 43112 | Depths:2 | Got a faerie dragon armour
 43113 | Depths:2 | Identified the +3 faerie dragon armour {rPois rCorr Int-3 Dex+2} (You took it off the Enchantress on level 2 of the Depths)
 44039 | Depths:2 | Found a sparkling altar of Nemelex Xobeh.
 44873 | Depths:3 | Reached skill level 10 in Evocations
 45194 | Depths:3 | Found Qiqukkug's Antique Armour Shop.
 45235 | Depths:3 | Reached XP level 21. HP: 184/184 MP: 30/30
 45831 | Depths:4 | Found a one-way gate to the infinite horrors of the Abyss.
 45889 | Depths:4 | Found a magical portal.
 45898 | WizLab   | Entered The Chambers of Wiehy the Cloud Mage
 46270 | WizLab   | Identified the Incunabulum of Destructive Air (You found it in a wizard's laboratory)
 46273 | WizLab   | Learned a level 1 spell: Summon Butterflies
 46275 | WizLab   | Learned a level 1 spell: Apportation
 46289 | WizLab   | Learned a level 2 spell: Cure Poison
 46294 | WizLab   | Identified the Tome of the Damaging Birds
 46298 | WizLab   | Learned a level 2 spell: Swiftness
 46640 | Depths:4 | Found a gateway to a ziggurat.
 47020 | Depths:5 | Entered Level 5 of the Depths
 47150 | Depths:5 | Found a gate to the Realm of Zot.
 48146 | Elf:1    | Entered Level 1 of the Elven Halls
 48181 | Orc:4    | Reached skill level 27 in Polearms
 48484 | Elf:1    | Found a deep blue altar of Sif Muna.
 48508 | Elf:1    | Reached XP level 22. HP: 204/204 MP: 31/31
 48623 | Elf:1    | Identified the Grimoire of Summoning
 48838 | Elf:1    | Found Ocvaply's Book Shoppe.
 49174 | Elf:2    | Found a huge runed gate.
 49174 | Elf:2    | Found a huge runed gate.
 49185 | Elf:2    | Found a huge runed gate.
 49338 | Elf:2    | Noticed Louise
 49349 | Elf:2    | Killed Louise
 49854 | Elf:3    | Entered Level 3 of the Elven Halls
 51261 | Elf:3    | Got a scorched lead ring
 51263 | Elf:3    | Identified the cursed ring of Agnosticism {rElec rPois rC+ Str-3 Int-2} (You took it off a deep elf high priest on level 3 of the Elven Halls)
 51485 | Elf:3    | Got a blackened scale mail
 51486 | Elf:3    | Identified the +5 scale mail "Jekhih" {Str+3 Int+3 Stlth-} (You found it on level 3 of the Elven Halls)
 51501 | Elf:3    | Got an iridescent halberd
 51505 | Elf:3    | Got a warped bardiche
 51506 | Elf:3    | Identified the +10 bardiche of Koboptag {chop, +Blink rF+} (You took it off a deep elf death mage on level 3 of the Elven Halls)
 51514 | Elf:3    | Identified the +0 halberd "Uhic" {vamp, rElec Dex+5 Stlth-} (You found it on level 3 of the Elven Halls)
 52127 | Vaults:2 | Paralysed by an ogre mage for 2 turns
 52313 | Vaults:2 | Killed Nikola
 52449 | Vaults:2 | Found a staircase to the Crypt.
 52449 | Vaults:2 | Found a basalt altar of Yredelemnul.
 52449 | Vaults:2 | Found an ancient bone altar of Kikubaaqudgha.
 52584 | Vaults:2 | Reached XP level 23. HP: 220/220 MP: 32/32
 52618 | Vaults:2 | Noticed Mara
 52645 | Vaults:2 | Killed Mara
 52647 | Vaults:2 | Killed Mara
 53670 | Vaults:3 | Noticed Xtahua
 53679 | Vaults:3 | Killed Xtahua
 53792 | Vaults:3 | Noticed Margery
 53811 | Vaults:3 | Killed Margery
 54812 | Vaults:4 | Found Ujiomige's Antique Armour Boutique.
 54863 | Vaults:4 | Bought a glowing hat for 148 gold pieces
 54863 | Vaults:4 | Bought an embroidered cloak for 166 gold pieces
 55045 | Vaults:4 | Identified a cursed +4 rod of destruction (10/10) (You found it on level 4 of the Vaults)
 55701 | Vaults:5 | Entered Level 5 of the Vaults
 55769 | Vaults:4 | Reached XP level 24. HP: 236/236 MP: 32/32
 56131 | Vaults:5 | Got a silver rune of Zot
 56294 | Vaults:5 | Noticed an ancient lich
 56302 | Vaults:5 | Killed an ancient lich
 56725 | Vaults:5 | Noticed Frederick
 56729 | Vaults:5 | Killed Frederick
 57423 | Vaults:5 | Reached XP level 25. HP: 252/255 MP: 32/32
 57472 | Vaults:5 | Identified the Volume of Cankerous Changing
 57503 | Vaults:5 | Identified the Compendium of Air and Battle Magic
 57532 | Vaults:5 | Got a faintly humming scale mail
 57543 | Vaults:5 | Identified the +5 scale mail of Spring {rF+} (You found it on level 5 of the Vaults)
 57607 | Vaults:5 | Got a bound lapis lazuli ring
 57609 | Vaults:5 | Identified the ring of Xioczaid {rElec Str+2 Int+5} (You took it off a deep elf conjurer on level 5 of the Vaults)
 58185 | Zot:1    | Entered Level 1 of the Realm of Zot
 58194 | Zot:1    | Reached skill level 27 in Fighting
 61078 | Zot:4    | Reached XP level 26. HP: 261/266 MP: 32/32
 61511 | Zot:5    | Entered Level 5 of the Realm of Zot
 62007 | Zot:5    | Reached skill level 15 in Evocations
 62377 | Zot:5    | Noticed an ancient lich
 62408 | Zot:5    | Killed an ancient lich
 62433 | Zot:5    | Noticed an orb of fire
 62434 | Zot:5    | Gained mutation: You are frail (-10% HP). [an orb of fire]
 62440 | Zot:5    | Gained mutation: You expend magic power (3 MP) to strengthen your wands. [an orb of fire]
 62443 | Zot:5    | Gained mutation: Scrolls take you a little longer to read. [an orb of fire]
 62447 | Zot:5    | Killed an orb of fire
 62577 | Zot:5    | Lost mutation: You can spit weak poison. [potion of cure mutation]
 62577 | Zot:5    | Lost mutation: Scrolls take you a little longer to read. [potion of cure mutation]
 62577 | Zot:5    | Lost mutation: You are partially covered in thin metallic scales (AC +2). [potion of cure mutation]
 62577 | Zot:5    | Lost mutation: You expend magic power (3 MP) to strengthen your wands. [potion of cure mutation]
 62577 | Zot:5    | Lost mutation: You are frail (-10% HP). [potion of cure mutation]
 64702 | Zot:5    | Noticed an orb of fire
 64716 | Zot:5    | Killed an orb of fire
 64810 | Zot:5    | Noticed an ancient lich
 64825 | Zot:5    | Killed an ancient lich
 64826 | Zot:5    | Noticed an ancient lich
 64836 | Zot:5    | Killed an ancient lich
 64867 | Zot:5    | Got the Orb of Zot
 64896 | Zot:5    | Noticed a seraph
 64937 | Zot:5    | Noticed an ancient lich
 65125 | Zot:1    | Noticed Daqil the pandemonium lord
 65128 | Zot:1    | Noticed an ancient lich
 65243 | Depths:3 | Noticed Vaz Miuxy the pandemonium lord
 65309 | Depths:2 | Reached XP level 27. HP: 273/273 MP: 35/35
 65953 | D:1      | Noticed Ickaopp the pandemonium lord
 65962 | D:1      | Killed Ickaopp the pandemonium lord
 65992 | D:$      | Escaped with the Orb!

Vault maps used:
D:1:      minmay_arrival_stair_chambers, minmay_misc_feat_x
D:2:      hangedman_decor_points, item_on_display_a
D:3:      ecumenical_altar_2, st_stairs_12, grunt_ministairs_13,
          serial_park_tiny_1
D:4:      grunt_temple_overflow_order_and_chaos_2
D:5:      grunt_temple_overflow_open, first_bread, serial_shops,
          kennysheep_mini, nicolae_shop_behind_doors, uniq_duvessa
D:6:      minmay_temple_entry_fiery, enter_ossuary_3, minmay_ruffians
D:7:      overflow_temple_1_default, okawaru_metal_pillars_1_2, serial_shops,
          shop_statue, uniq_menkaure
D:9:      chei_slow_surprise
D:10:     lemuel_reptile_caves, minivault_10
D:11:     minmay_statue_hallways, erik_lair_orcish_takeover, orc_0_dummy,
          serial_shops, nicolae_shop_behind_doors, shop
D:12:     basic_altar, grunt_pizzeria
D:13:     erik_vaults_1, lab_entry_generic
D:14:     spider_trap, uniq_rupert, uniq_urug
D:15:     gammafunk_enter_depths_forms, hangedman_decor_riveting,
          corexii_checkpoint_a, uniq_azrael
Lair:1:   uniq_joseph, uniq_grum
Lair:2:   grunt_forest_large_clearing_hut, serial_bayou_shore_b
Lair:3:   minivault_11, grunt_forest_stairs_clearing, uniq_maud
Lair:4:   forest_entry_grove, uniq_sonja
Lair:6:   minmay_shoals_entry_centaurs, minmay_snake_entry_six_corridors
Lair:7:   slime_dummy, bh_autumn_forest_stairs
Lair:8:   due_jungle_book, infiniplex_staircase_pool_2
Shoals:1: nicolae_shoals_wave_tunnel
Shoals:2: lightli_airlock
Shoals:3: cheibrodos_shoals_oceanic_diplomacy, uniq_polyphemus
Shoals:4: serial_shops, nicolae_shop_trees, shoals_end_simple, shoal_ilsuiw,
          abandoned_shop
Snake:1:  serial_shops, shop, shop, nicolae_shop_statue_plus, basic_altar
Snake:2:  special_room, uniq_wiglaf, uniq_kirke
Snake:3:  minmay_snake_river, st_stairs_4, nicolae_snake_shapes
Snake:4:  minmay_snake_end_coiled, nicolae_snake_horde_hoard, uniq_vashnia,
          uniq_jorgrun
Orc:1:    uniq_snorg
Orc:2:    basic_altar, uniq_erolcha
Orc:3:    serial_shops, shop, nicolae_orc_pool_cavern, mines2_david
Orc:4:    pf_orc_diabolical, portal_ice_cave_entry_ice_beasts, serial_shops,
          shop, basic_altar, nicolae_orc_stony_grotto
Elf:1:    basic_altar, serial_shops, nicolae_shop_waterfront,
          minmay_elf_demonology, evilmike_ambush
Elf:2:    uniq_louise
Elf:3:    minmay_elf_hall_four_x
Vaults:1: vaults_room_grunt_arrival_ludios, ontoclasm_vaults_fault,
          ontoclasm_vaults_decontamination, nicolae_vaults_mini_display_case,
          vaults_standard_mumra_lines, hangedman_vaults_slice,
          nicolae_vaults_little_ls, serial_ice_b,
          nicolae_vaults_little_squares_4, basic_altar
Vaults:2: ontoclasm_vaults_loading_screen, v_alt_pattern_4,
          grunt_vaults_hallway_short, vaults_standard_mumra_x,
          minmay_crypt_entry_necro_gods, v_misc_3, nicolae_vaults_minivaults,
          vaults_room_stairs_pillars, v_misc_18, vaults_dpeg_ring,
          vaults_mumra_lcd, v_misc_15, uniq_nikola, uniq_mara
Vaults:3: hangedman_vaults_maws, v_rooms_1, hangedman_vaults_restitches,
          hangedman_vaults_locks, v_alt_pattern_5,
          vaults_mumra_minichess_inversion, v_misc_14, ontoclasm_vaults_echo,
          v_misc_16, vaults_room_fancy_cross, v_alt_pattern_3,
          grunt_vaults_diagonal, uniq_xtahua, uniq_margery
Vaults:4: grunt_vaults_hallway_long, hangedman_vaults_corner, v_misc_1,
          nicolae_vaults_windows_and_doors_thing, nicolae_vaults_rhombus_6,
          v_misc_12, vaults_standard_mumra_enter_the_diamond,
          hangedman_vaults_stagger, kb_rosetta, v_misc_16,
          vaults_room_stairs_pillars, ontoclasm_vaults_loading_screen,
          v_misc_17, ontoclasm_vaults_shuriken, serial_shops,
          nicolae_shop_waterfront
Vaults:5: serial_shops, uniq_frederick
Depths:1: minmay_misc_feat_iff, hell_entry, nooodl_food_tri, grunt_megastairs_3
Depths:2: hangedman_stitches_corridor, minmay_stone_trees_small,
          hangedman_coc_ice_floe, minmay_misc_feat_ornament, nemelex_deck,
          uniq_enchantress
Depths:3: nooodl_glass_maze, serial_shops, nicolae_shop_statue_plus,
          grunt_pan_entry_spiral, hell_entry, kennysheep_decorative_pillar,
          kennysheep_generic_room_11, infiniplex_staircase_trident,
          basic_stair_grate_trap
Depths:4: minmay_skeletal_surprise, enter_ziggurat_c, abyss_entry,
          grunt_metal_band, glass_columns_a, mu_enter_wizlab_6, pan_entry
Depths:5: grunt_zot_entry_tricorne, serial_bayou_pond_e, hell_entry,
          abyss_entry_small_statue_room
Zot:3:    grunt_megastairs_2
Zot:4:    zot_minivault_1
Zot:5:    hangedman_zot_diagonal_lockstep
Lab:      nicolae_lab_statue, nicolae_lab_big_swirl
Ossuary:  minmay_ossuary_two_tombs
IceCv:    ice_cave_small_demon
WizLab:   wizlab_cloud

Action                   |  1- 3 |  4- 6 |  7- 9 | 10-12 | 13-15 | 16-18 | 19-21 | 22-24 | 25-27 || total
-------------------------+-------+-------+-------+-------+-------+-------+-------+-------+-------++-------
Melee: Trident           |   111 |   167 |   475 |       |       |       |       |       |       ||   753
       Halberd           |       |       |    36 |   755 |       |       |       |       |       ||   791
       Glaive            |       |       |     2 |   246 |  1290 |       |       |       |       ||  1538
       Bardiche          |       |       |       |       |   425 |  1319 |  1451 |  1488 |   971 ||  5654
Throw: Throwing net      |       |     2 |     1 |     1 |       |       |       |       |       ||     4
       Javelin           |       |       |     8 |     8 |     2 |       |       |       |       ||    18
Invok: Major Destruction |       |       |       |     7 |    13 |    10 |     8 |     3 |       ||    41
       Greater Servant o |       |       |       |     2 |     6 |     5 |     4 |     3 |     1 ||    21
       Minor Destruction |       |       |       |       |     4 |     3 |       |       |       ||     7
Evoke: Wand              |       |       |     3 |     5 |     9 |     2 |     3 |       |     2 ||    24
       Lamp of fire      |       |       |       |       |     1 |       |       |       |       ||     1
       Deck              |       |       |       |       |       |       |       |     2 |       ||     2
  Use: Scroll            |     5 |     4 |     9 |    11 |    23 |    12 |    13 |    18 |    11 ||   106
       Potion            |       |       |     1 |       |     6 |     4 |     2 |     1 |    14 ||    28
 Stab: Held in net/web   |       |     2 |       |       |       |       |       |       |       ||     2
       Paralysed         |       |       |       |    10 |       |       |       |       |       ||    10
       Distracted        |       |       |       |     1 |     3 |     1 |       |       |       ||     5
       Petrifying        |       |       |       |       |       |     2 |       |       |       ||     2
  Eat: Chunk             |     1 |     6 |    10 |    23 |    36 |    30 |    20 |    22 |    16 ||   164
       Royal jelly       |       |       |     1 |       |       |       |       |       |       ||     1
       Fruit             |       |       |       |     1 |     2 |       |       |       |       ||     3
       Pizza             |       |       |       |       |     4 |     4 |     5 |     1 |     1 ||    15
       Bread ration      |       |       |       |       |     1 |       |     1 |     1 |     3 ||     6
